[Event "Titled Tuesday Blitz July 11 Late 2023"]
[White "Fiorito, Joaquin"]
[Black "Sztokbant, Bernardo Vainzoff"]
[WhiteFideId "180173"]
[BlackFideId "2115956"]
[WhiteElo "2614"]
[BlackElo "2444"]
[Result "1-0"]
[Round "7"]
[TimeControl "180+2"]
[Date "2023.07.11"]
[WhiteClock "0:01:32"]
[BlackClock "0:00:00"]
[Board "71"]

1. d4 Nf6 2. Nc3 g6 3. Be3 d5 4. Qd2 Bg7 5. Bh6 Bxh6 6. Qxh6 Nc6 7. Nf3 Bf5 8. O-O-O a6 9. h3 Qd6 10. Qe3 O-O-O 11. Ne5 Be6 12. g4 Nd7 13. f4 f6 14. Nxc6 Qxc6 15. Bg2 Nb6 16. b3 Rhe8 17. Kb2 Bf7 18. Rhf1 Bg8 19. a4 Kb8 20. g5 Be6 21. h4 Bf5 22. Qd2 Nc8 23. Nxd5 Rxd5 24. e4 Bxe4 25. Bxe4 Nb6 26. a5 Nc4+ 27. bxc4 Qxc4 28. Bxd5 Qxd5 29. Qc3 Rd8 30. Rfe1 Rd6 31. Rxe7 Rc6 32. Qb4 fxg5 33. hxg5 Rc4 34. Qb3 Qc6 35. Re5 Ka7 36. Rc5 Rxc5 37. dxc5 Qxc5 38. Rd5 Qf2 39. Qc4 Qe1 40. Qd4+ c5 41. Qxc5+ 1-0


[Site "https://www.chess.com"]

[Event "Titled Tuesday Blitz July 11 Late 2023"]
[White "Grebeniuk, Semen"]
[Black "Andrews, Todd"]
[WhiteFideId "14117509"]
[BlackFideId "2012456"]
[WhiteElo "2611"]
[BlackElo "2438"]
[Result "1-0"]
[Round "7"]
[TimeControl "180+2"]
[Date "2023.07.11"]
[WhiteClock "0:00:14"]
[BlackClock "0:00:11"]
[Board "72"]

1. d4 Nf6 2. Nf3 g6 3. Bg5 Bg7 4. c3 O-O 5. Nbd2 d6 6. e4 c5 7. dxc5 dxc5 8. Bc4 Nc6 9. O-O Qc7 10. Qe2 Rd8 11. Rad1 a6 12. a4 Bg4 13. h3 Bxf3 14. Nxf3 Na5 15. e5 Ne8 16. Bd5 h6 17. e6 f5 18. Bc1 c4 19. Nh4 Kh7 20. g4 Nf6 21. Bg2 Qc5 22. gxf5 g5 23. Ng6 Nc6 24. Bxc6 bxc6 25. Qe5 Rd5 26. Rxd5 cxd5 27. Be3 Qc6 28. Bd4 Rg8 29. Nxe7 Qe8 30. Nxg8 Qxg8 31. e7 Ne8 32. Qe3 Qf7 33. Bxg7 Kxg7 34. Re1 Qxf5 35. Qd4+ Qf6 36. Qxd5 h5 37. Re5 Kg6 38. Re6 1-0


[Site "https://www.chess.com"]

[Event "Titled Tuesday Blitz July 11 Late 2023"]
[White "Veiga, Jose Francisco R P Neves"]
[Black "Taranenko, Evgueniy"]
[WhiteFideId "1930087"]
[BlackFideId "14122138"]
[WhiteElo "2601"]
[BlackElo "2437"]
[Result "1-0"]
[Round "7"]
[TimeControl "180+2"]
[Date "2023.07.11"]
[WhiteClock "0:00:19"]
[BlackClock "0:00:25"]
[Board "73"]

1. e4 e6 2. b3 c5 3. Bb2 Nc6 4. Nf3 Nf6 5. Nc3 d5 6. exd5 exd5 7. d4 cxd4 8. Nxd4 Bb4 9. Qe2+ Qe7 10. Qxe7+ Kxe7 11. O-O-O Be6 12. Bb5 Rac8 13. Nce2 Ne4 14. Rhf1 Nxd4 15. Bxd4 Bf5 16. Bd3 Be6 17. Kb2 Nc5 18. Nf4 Nxd3+ 19. Nxd3 Bd6 20. g3 f6 21. Bxa7 Rc6 22. Bd4 Bf5 23. c3 Ra8 24. Rfe1+ Kf7 25. a4 Rca6 26. f3 b5 27. Nc5 Rc6 28. axb5 Rxc5 29. Bxc5 Bxc5 30. Ra1 Rb8 31. Ra5 d4 32. c4 Bb4 33. Ra7+ Kg6 34. Rd1 Bc3+ 35. Kc1 Re8 36. g4 Be6 37. b6 Rb8 38. b7 Kg5 39. Kc2 Kf4 40. Rd3 Bf7 41. Rxc3 dxc3 42. Kxc3 Kxf3 43. b4 Kxg4 44. b5 Kf4 45. c5 Bd5 46. c6 Ke5 47. c7 Rxb7 48. b6 Rxb6 49. c8=Q Rc6+ 50. Qxc6 Bxc6 51. Rxg7 Be4 52. Kd2 Bg6 53. Ke3 Kf5 54. Kf3 Kg5 55. Ra7 f5 56. Kg3 Kf6 57. Kf4 Ke6 58. h4 Kf6 59. Ra6+ Kg7 60. Kg5 h6+ 61. Kf4 Kf7 62. Ke5 Kg7 63. Ra7+ Kf8 64. Kf6 Be8 65. Kxf5 h5 66. Kf6 Kg8 67. Ra8 Kf8 68. Rb8 Kg8 69. Rxe8+ Kh7 70. Rd8 Kh6 71. Rh8# 1-0


[Site "https://www.chess.com"]

[Event "Titled Tuesday Blitz July 11 Late 2023"]
[White "Karttunen, Mika"]
[Black "Rodriguez Fontecha, Marcos"]
[WhiteFideId "502081"]
[BlackFideId "2256576"]
[WhiteElo "2553"]
[BlackElo "2423"]
[Result "1-0"]
[Round "7"]
[TimeControl "180+2"]
[Date "2023.07.11"]
[WhiteClock "0:00:27"]
[BlackClock "0:00:02"]
[Board "74"]

1. c4 e5 2. Nc3 Nc6 3. Nf3 g6 4. d3 Bg7 5. g3 d6 6. Bg2 Nge7 7. O-O h6 8. Rb1 Be6 9. b4 Qd7 10. b5 Nd8 11. Re1 O-O 12. a4 Bh3 13. Bh1 f5 14. Nd5 Ne6 15. Nh4 Kh7 16. Nxe7 Qxe7 17. Bxb7 Rad8 18. Be3 g5 19. Ng2 f4 20. Bxa7 Qf6 21. a5 Ra8 22. Bxa8 Rxa8 23. b6 c5 24. b7 Rf8 25. Rf1 Nd4 26. f3 fxg3 27. hxg3 Nf5 28. g4 Bxg2 29. gxf5 Bxf1 30. Qxf1 e4 31. dxe4 Qd4+ 32. Kg2 g4 33. b8=Q gxf3+ 34. Qxf3 Rf7 35. Rb7 1-0


[Site "https://www.chess.com"]

[Event "Titled Tuesday Blitz July 11 Late 2023"]
[White "Domingo Nunez, Ruben"]
[Black "Melikhov, Evgeny V."]
[WhiteFideId "22245570"]
[BlackFideId "4122046"]
[WhiteElo "2553"]
[BlackElo "2418"]
[Result "1-0"]
[Round "7"]
[TimeControl "180+2"]
[Date "2023.07.11"]
[WhiteClock "0:00:44"]
[BlackClock "0:00:02"]
[Board "75"]

1. Nf3 f5 2. g3 Nf6 3. Bg2 g6 4. c4 d6 5. d4 Bg7 6. Nc3 O-O 7. O-O Qe8 8. d5 a5 9. Be3 Na6 10. Bd4 c6 11. e4 e5 12. dxe6 Bxe6 13. exf5 Bxc4 14. Re1 Qd7 15. fxg6 hxg6 16. Na4 Rae8 17. Qc2 Bd5 18. Nb6 Qf5 19. Qxf5 gxf5 20. Nxd5 Nxd5 21. Bxg7 Kxg7 22. Nd4 Kf6 23. Bxd5 cxd5 24. Red1 Re5 25. Rac1 Nc5 26. Nb5 Ke7 27. Nc7 Re2 28. Nxd5+ Kf7 29. Ne3 Ne4 30. Nxf5 Kg6 31. Nh4+ Kh5 32. f3 Nd2 33. Rc3 Rfe8 34. b3 b5 35. Rd3 Re1+ 36. Rxe1 Rxe1+ 37. Kf2 Rh1 38. Rd5+ Kh6 39. Rxd6+ Kg7 40. Rxd2 Rxh2+ 41. Ke3 Rh1 42. Rd5 Kf6 43. Rxb5 1-0


[Site "https://www.chess.com"]

[Event "Titled Tuesday Blitz July 11 Late 2023"]
[White "Bouget, Alexandre"]
[Black "only_strong_moves"]
[WhiteFideId "681318"]
[WhiteElo "2415"]
[BlackElo "2547"]
[Result "1-0"]
[Round "7"]
[TimeControl "180+2"]
[Date "2023.07.11"]
[WhiteClock "0:00:04"]
[BlackClock "0:00:02"]
[Board "76"]

1. d4 d5 2. c4 dxc4 3. Nf3 Nf6 4. e3 e6 5. Bxc4 c5 6. O-O a6 7. Qe2 b5 8. Bb3 Nc6 9. Rd1 Na5 10. Bc2 Qc7 11. e4 cxd4 12. e5 Nd5 13. Nxd4 Nc4 14. Nc3 Nxc3 15. bxc3 Qxe5 16. Be4 Ra7 17. Nc6 Qc7 18. Rd8+ Qxd8 19. Nxd8 Kxd8 20. a4 Rc7 21. axb5 axb5 22. Ra8 Bd6 23. Qh5 Ne5 24. Qg5+ f6 25. Qd2 Nc4 26. Qd4 Ke7 27. Ra7 Rd8 28. Rxc7+ Bxc7 29. Qc5+ Bd6 30. Qxb5 Ne5 31. g3 Bd7 32. Qe2 Rb8 33. f4 Nf7 34. Bxh7 Nd8 35. Be3 Nc6 36. Be4 Na5 37. Qg4 Kf8 38. Qh5 Nc4 39. Bd4 Nd2 40. Bg6 Ke7 41. Qh7 Ba3 42. Qxg7+ Kd6 43. Qxf6 Nf3+ 44. Kg2 Bc6 45. Kh3 Nxd4 46. Qe5+ Ke7 47. Qxb8 Ne2 48. Qc7+ Bd7 49. Qa7 Bd6 50. Qe3 Bb5 51. f5 Bc4 52. Qg5+ Kd7 53. Qh6 exf5 54. Qg7+ Kc6 55. Bxf5 Ng1+ 56. Kh4 Ne2 57. Qd7+ Kc5 58. Be6 Bd3 59. Bf5 Bc4 60. Qc8+ Kd5 61. Be6+ Ke5 62. Bxc4 Ng1 63. Qe6# 1-0


[Site "https://www.chess.com"]

[Event "Titled Tuesday Blitz July 11 Late 2023"]
[White "Toktomushev, Teimur"]
[Black "Moral Garcia, Serafin"]
[WhiteFideId "14176726"]
[BlackFideId "2201925"]
[WhiteElo "2400"]
[BlackElo "2543"]
[Result "0-1"]
[Round "7"]
[TimeControl "180+2"]
[Date "2023.07.11"]
[WhiteClock "0:00:00"]
[BlackClock "0:00:17"]
[Board "77"]

1. d4 Nf6 2. c4 g6 3. Nc3 d5 4. cxd5 Nxd5 5. e4 Nxc3 6. bxc3 Bg7 7. Be3 c5 8. Qd2 cxd4 9. cxd4 Nc6 10. Nf3 Bg4 11. Rd1 O-O 12. Be2 Qa5 13. Qxa5 Nxa5 14. O-O Rfd8 15. d5 b6 16. h3 Bxf3 17. gxf3 Rac8 18. Rc1 Bb2 19. Rxc8 Rxc8 20. f4 Nc4 21. Bxc4 Rxc4 22. e5 Kf8 23. Rd1 Ke8 24. d6 exd6 25. Rxd6 Ba3 26. Rd3 Be7 27. Kg2 Ra4 28. Rd2 b5 29. Rc2 Kd7 30. Rd2+ Ke6 31. Rc2 Ra6 32. Kf3 Bd8 33. Ke4 Ra4+ 34. Kd3 a5 35. Rc6+ Kd7 36. Rd6+ Ke8 37. Rd5 b4 38. Rb5 Rxa2 39. Rb8 Kd7 40. Rb7+ Ke6 41. Rb8 Be7 42. Rb6+ Kd7 43. Rb7+ Kd8 44. Bb6+ Ke8 45. Rb8+ Kd7 46. Ra8 a4 47. Ra7+ Ke6 48. Be3 b3 49. Ra6+ Kd7 50. Ra7+ Ke6 51. Ra6+ Kf5 52. Ra7 b2 53. Kc2 Bh4 54. Rxf7+ Ke6 55. Rb7 a3 56. Rb6+ Kd5 57. Rb5+ Ke4 58. e6 Ra1 59. Re5+ Kf3 60. Rb5 Re1 61. Bd4 Rc1+ 62. Kd2 b1=Q 63. Rxb1 Rxb1 0-1


[Site "https://www.chess.com"]

[Event "Titled Tuesday Blitz July 11 Late 2023"]
[White "Graif, William"]
[Black "Krzywda, Andrzej"]
[WhiteFideId "2609835"]
[BlackFideId "1114565"]
[WhiteElo "2542"]
[BlackElo "2397"]
[Result "0-1"]
[Round "7"]
[TimeControl "180+2"]
[Date "2023.07.11"]
[WhiteClock "0:00:00"]
[BlackClock "0:00:19"]
[Board "78"]

1. e4 e5 2. Nf3 Nf6 3. d4 Nxe4 4. dxe5 d5 5. Nbd2 Qd7 6. Bd3 Nc5 7. Be2 Ne6 8. O-O c5 9. c4 d4 10. Ne4 Be7 11. Ne1 O-O 12. f4 f5 13. exf6 Bxf6 14. f5 Nd8 15. Nxc5 Qc7 16. Ned3 Be7 17. Bf4 Qb6 18. Na4 Qa5 19. Bd2 Qc7 20. c5 Bxf5 21. Rc1 Nbc6 22. Kh1 Ne6 23. b4 Kh8 24. b5 Ne5 25. Bf4 Nxf4 26. Nxf4 Bg5 27. Rb1 Bxb1 28. Qxb1 Rxf4 29. Rxf4 Bxf4 30. Qf5 Ng6 31. g3 Qe5 32. Qd3 Be3 33. Bf3 Rf8 34. Bxb7 Qf6 0-1


[Site "https://www.chess.com"]

[Event "Titled Tuesday Blitz July 11 Late 2023"]
[White "Harriott, Tyrell"]
[Black "Palencia Morales, Wilson Guillermo"]
[WhiteFideId "2086484"]
[BlackFideId "4401859"]
[WhiteElo "2392"]
[BlackElo "2531"]
[Result "1-0"]
[Round "7"]
[TimeControl "180+2"]
[Date "2023.07.11"]
[WhiteClock "0:00:12"]
[BlackClock "0:00:05"]
[Board "79"]

1. d4 Nf6 2. e3 e6 3. Bd3 Be7 4. f4 c5 5. Nf3 b6 6. O-O Bb7 7. Nbd2 cxd4 8. exd4 O-O 9. c3 d5 10. Qe2 Nbd7 11. Ne5 a6 12. g4 Nxe5 13. fxe5 Nd7 14. g5 Bxg5 15. Qh5 h6 16. Nf3 Bxc1 17. Raxc1 f5 18. exf6 Nxf6 19. Qh3 Bc8 20. Ne5 Qe8 21. Be2 Ra7 22. Kh1 Ne4 23. Qg2 g5 24. h4 Rg7 25. h5 Rf4 26. Ng6 Rf6 27. Bd3 Rgf7 28. Bxe4 dxe4 29. Rxf6 Rxf6 30. Qxe4 Qf7 31. Qa8 Qb7+ 32. Qxb7 Bxb7+ 33. Kg1 Rf3 34. Re1 Rg3+ 35. Kf1 Rf3+ 36. Ke2 Rh3 37. Kd2 Rxh5 38. Rxe6 Rh2+ 39. Kd3 Bd5 40. Re7 Bf7 41. Ne5 Bh5 42. d5 Be2+ 43. Kd4 Bb5 44. d6 Rd2+ 45. Ke4 Rxd6 46. c4 Bc6+ 47. Kf5 Bg2 48. b4 Bf1 49. c5 bxc5 50. bxc5 Rd8 51. Kg6 Bd3+ 52. Kf6 Bb1 53. Rg7+ Kf8 54. Rf7+ Kg8 55. Rg7+ Kh8 56. Nf7# 1-0


[Site "https://www.chess.com"]

[Event "Titled Tuesday Blitz July 11 Late 2023"]
[White "Cooklev, Steven"]
[Black "D`Arruda, Ricardo D."]
[WhiteFideId "2050552"]
[BlackFideId "100692"]
[WhiteElo "2391"]
[BlackElo "2528"]
[Result "1-0"]
[Round "7"]
[TimeControl "180+2"]
[Date "2023.07.11"]
[WhiteClock "0:00:07"]
[BlackClock "0:00:06"]
[Board "80"]

1. e4 c5 2. Nf3 Nc6 3. Nc3 g6 4. d4 cxd4 5. Nxd4 Bg7 6. Be3 Nf6 7. Bc4 O-O 8. Bb3 d6 9. f3 Na5 10. Qd2 a6 11. h4 Nxb3 12. Nxb3 h5 13. Bh6 Be6 14. O-O-O Bxb3 15. cxb3 Rc8 16. Kb1 Re8 17. Bxg7 Kxg7 18. g4 Qa5 19. g5 Nd7 20. f4 Kg8 21. e5 Rcd8 22. exd6 Nc5 23. Nd5 Qxd2 24. Rxd2 Kg7 25. Nxe7 Ne4 26. Rhd1 Nxd6 27. f5 gxf5 28. Nxf5+ Nxf5 29. Rxd8 Rxd8 30. Rxd8 Nxh4 31. Kc2 Nf3 32. Kd3 h4 33. Ke4 Nxg5+ 34. Kf5 Ne6 35. Rd3 Kh6 36. Kf6 Kh5 37. Kxf7 Nf4 38. Rd1 h3 39. Ke7 Kg4 40. Kd6 h2 41. Kc7 Nd3 42. Kxb7 Nxb2 43. Rh1 Kg3 44. Kxa6 Nd3 45. Kb5 Kg2 46. Rxh2+ Kxh2 47. a4 Nc1 48. b4 Ne2 49. a5 Nc3+ 50. Kc6 Na2 51. b5 Nb4+ 52. Kb7 Kg3 53. a6 Kf4 54. a7 1-0


[Site "https://www.chess.com"]

[Event "Titled Tuesday Blitz July 11 Late 2023"]
[White "ArturoCaceres"]
[Black "Jovic, Stanoje"]
[BlackFideId "905020"]
[WhiteElo "2389"]
[BlackElo "2524"]
[Result "0-1"]
[Round "7"]
[TimeControl "180+2"]
[Date "2023.07.11"]
[WhiteClock "0:00:00"]
[BlackClock "0:00:37"]
[Board "81"]

1. e4 c6 2. Ne2 d5 3. e5 g6 4. d4 Bg7 5. h4 c5 6. h5 cxd4 7. f4 Nc6 8. Nxd4 Qb6 9. c3 Nh6 10. Na3 Bg4 11. Qa4 gxh5 12. Bb5 Rc8 13. Be3 O-O 14. Bf2 Nxd4 15. Bxd4 Qg6 16. Qxa7 Qe4+ 17. Kf2 Qxf4+ 18. Kg1 Bxe5 19. Be3 Qg3 20. Bxh6 d4 21. Qxb7 dxc3 22. Nc4 cxb2 23. Rf1 Bd4+ 24. Be3 Bxe3+ 25. Nxe3 Qxe3+ 26. Kh2 Qe5+ 27. Kg1 Rb8 28. Qa7 Rxb5 29. Qa6 b1=Q 30. Qh6 Qxf1+ 31. Kxf1 Qd4 32. Qg5+ Rxg5 0-1


[Site "https://www.chess.com"]

[Event "Titled Tuesday Blitz July 11 Late 2023"]
[White "Vovk, Orest"]
[Black "Bogaudinov, Rushan"]
[WhiteFideId "14113490"]
[BlackFideId "4129288"]
[WhiteElo "2521"]
[BlackElo "2379"]
[Result "1-0"]
[Round "7"]
[TimeControl "180+2"]
[Date "2023.07.11"]
[WhiteClock "0:00:03"]
[BlackClock "0:00:00"]
[Board "82"]

1. g4 d5 2. h3 e5 3. Bg2 c6 4. d4 e4 5. c4 h5 6. Nc3 hxg4 7. Qb3 dxc4 8. Qxc4 Nf6 9. Bg5 Be7 10. O-O-O Be6 11. Qa4 Nbd7 12. hxg4 Rxh1 13. Bxh1 Nb6 14. Qa5 Nc4 15. Qxd8+ Rxd8 16. Nxe4 Nxe4 17. Bxe7 Nxf2 18. Bxd8 Nxd1 19. Bh4 Ndxb2 20. Bf3 Na4 21. e4 Nab6 22. Bf2 Na5 23. Kb1 Nac4 24. Be1 Ne3 25. g5 Bg4 26. Bh1 Kd7 27. Nf3 Bxf3 28. Bxf3 Nec4 29. Bg4+ Ke7 30. Kc2 Nd6 31. Kd3 Nd7 32. Bh4 g6 33. e5 Nb5 34. Bf3 Nc7 35. Be1 Ne6 36. Bb4+ Ke8 37. Bd2 Nb6 38. Ke4 Kd7 39. Bc1 Nd5 40. Kd3 Nb4+ 41. Kc4 Nd5 42. a3 b5+ 43. Kd3 a5 44. Be4 Kc7 45. Bf3 Kb6 46. Be4 a4 47. Bf3 b4 48. axb4 Nxb4+ 49. Kc4 1-0


[Site "https://www.chess.com"]

[Event "Titled Tuesday Blitz July 11 Late 2023"]
[White "Spichkin, Alexander"]
[Black "Osmak, Yuliia"]
[WhiteFideId "4144074"]
[BlackFideId "14101602"]
[WhiteElo "2366"]
[BlackElo "2518"]
[Result "0-1"]
[Round "7"]
[TimeControl "180+2"]
[Date "2023.07.11"]
[WhiteClock "0:02:05"]
[BlackClock "0:00:27"]
[Board "83"]

1. f4 c5 2. Nf3 Nc6 3. d3 d5 4. e3 g6 5. Be2 Bg7 6. O-O Nf6 7. Kh1 O-O 8. a4 Qc7 9. Nc3 e5 10. Nb5 Qe7 11. fxe5 Nxe5 12. Nxe5 Qxe5 13. e4 dxe4 14. Bf4 Qxb2 15. Rb1 Qa2 16. Be5 Bf5 17. dxe4 Nxe4 18. Ra1 Qe6 19. Bxg7 Kxg7 20. Nc7 Qe5 21. Nxa8 Nc3 22. Qe1 Nxe2 23. Nc7 Bxc2 24. Nd5 Bd3 25. Nc3 Qxc3 26. Rf3 Qxe1+ 27. Rxe1 c4 28. Rd1 f5 29. h3 Nc3 30. Kh2 Nxd1 0-1


[Site "https://www.chess.com"]

[Event "Titled Tuesday Blitz July 11 Late 2023"]
[White "Gerbelli Neto, Eduardo"]
[Black "feuervogel1000000"]
[WhiteFideId "2103281"]
[WhiteElo "2343"]
[BlackElo "2515"]
[Result "1-0"]
[Round "7"]
[TimeControl "180+2"]
[Date "2023.07.11"]
[WhiteClock "0:00:57"]
[BlackClock "0:01:36"]
[Board "84"]

1. e4 c5 2. Nc3 Nc6 3. f4 g6 4. Nf3 Bg7 5. Bc4 d6 6. O-O e6 7. d3 a6 8. Qe1 b5 9. Bb3 Nge7 10. f5 gxf5 11. Qh4 Nd4 12. Bg5 Qc7 13. Nxd4 Bxd4+ 14. Kh1 Ng6 15. Qh5 fxe4 16. Nxe4 f5 17. Nf6+ Bxf6 18. Bxf6 Rg8 19. Rae1 c4 20. dxc4 bxc4 21. Ba4+ Kf8 22. Qh6+ Rg7 23. Bxg7+ Qxg7 24. Qxg7+ Kxg7 25. Bc6 Rb8 26. b3 cxb3 27. axb3 Ne5 28. Bf3 a5 29. Ra1 Ba6 30. Rf2 Rc8 31. Rxa5 Bd3 32. c4 Rb8 33. Ra7+ Kf6 34. Rb7 Ra8 35. Rf7+ Kxf7 36. Bxa8 Nd7 37. Rd2 Be4 38. Bxe4 fxe4 39. Rxd6 Ke7 40. Rd4 Nc5 41. b4 e5 42. Rd5 Nd3 43. Kg1 Ke6 44. b5 Nf4 45. Rd8 Ne2+ 46. Kf2 Nd4 47. Ke3 Ke7 48. Rxd4 1-0


[Site "https://www.chess.com"]

[Event "Titled Tuesday Blitz July 11 Late 2023"]
[White "Kostiukov, Alexandr"]
[Black "Deng, Henry"]
[WhiteFideId "14108100"]
[BlackFideId "30965454"]
[WhiteElo "2331"]
[BlackElo "2514"]
[Result "0-1"]
[Round "7"]
[TimeControl "180+2"]
[Date "2023.07.11"]
[WhiteClock "0:00:00"]
[BlackClock "0:00:53"]
[Board "85"]

1. g3 d5 2. Bg2 Nf6 3. d3 Bf5 4. Nf3 h6 5. O-O e6 6. c4 c6 7. Qb3 Qb6 8. Nc3 Nbd7 9. cxd5 exd5 10. Qc2 Be7 11. e4 dxe4 12. dxe4 Bh7 13. Be3 Qa5 14. a3 O-O 15. Nd4 Nd5 16. Bd2 Qb6 17. Nf5 Bxf5 18. Nxd5 cxd5 19. exf5 Rac8 20. Qd3 Nc5 21. Qe2 Bf6 22. Bxd5 Qxb2 23. Rab1 Qd4 24. Bxb7 Nxb7 25. Rxb7 Rc2 26. Rd1 Rd8 0-1


[Site "https://www.chess.com"]

[Event "Titled Tuesday Blitz July 11 Late 2023"]
[White "Al Mukhaini, Shima"]
[Black "Womacka, Mathias"]
[WhiteFideId "22005854"]
[BlackFideId "4611390"]
[WhiteElo "2330"]
[BlackElo "2514"]
[Result "1/2-1/2"]
[Round "7"]
[TimeControl "180+2"]
[Date "2023.07.11"]
[WhiteClock "0:00:07"]
[BlackClock "0:00:05"]
[Board "86"]

1. b3 e5 2. Bb2 Nc6 3. e3 Nf6 4. Bb5 Bd6 5. Ne2 Ne7 6. Ng3 c6 7. Be2 Bc7 8. d3 d5 9. Nd2 O-O 10. O-O Ng6 11. Nh5 Re8 12. Nxf6+ Qxf6 13. Bg4 a5 14. Bxc8 Raxc8 15. Qg4 Qe6 16. Qxe6 Rxe6 17. a4 f5 18. Rae1 f4 19. e4 Bd6 20. Bc3 Bb4 21. Bxb4 axb4 22. g3 Rf8 23. Kg2 Ne7 24. f3 Nc8 25. Re2 Rfe8 26. Rfe1 g5 27. exd5 cxd5 28. d4 e4 29. fxe4 dxe4 30. Rxe4 Rxe4 31. Rxe4 Rf8 32. gxf4 gxf4 33. Kf3 Nd6 34. Rxf4 Rc8 35. Rf6 Rxc2 36. Rxd6 Rxd2 37. Rd8+ Kf7 38. Rd7+ Kg6 39. Rxb7 Rd3+ 40. Ke4 Rxb3 41. h4 Rb1 42. h5+ Kxh5 43. Rxh7+ Kg6 44. Rb7 b3 45. Kd3 Kf6 46. Kc3 Ra1 47. Rb4 Ra3 48. Kb2 Ra2+ 49. Kxb3 Ra1 50. Kc4 Ke6 51. Rb6+ Kd7 52. Kb5 Rd1 53. Kc5 Rc1+ 54. Kd5 Kc7 55. Rb5 Rh1 56. Rc5+ Kb6 57. a5+ Ka6 58. Ke4 Rh4+ 59. Kd3 Rh1 60. Rg5 Rh4 61. Kc4 Rh1 62. Kc5 Kxa5 63. Kc6+ Ka6 64. d5 Rc1+ 65. Kd7 Kb7 66. d6 Rh1 67. Rb5+ Ka6 68. Rb2 Ka7 69. Kc7 Rc1+ 70. Kd8 Rh1 71. d7 Re1 72. Rb4 Re2 73. Kc7 Rc2+ 74. Kd6 Rd2+ 75. Kc6 Rd1 76. Kc7 Rc1+ 77. Kd8 Re1 78. Rb5 Ka6 79. Rb2 Ka7 80. Kc8 Rc1+ 81. Kd8 Re1 1/2-1/2


[Site "https://www.chess.com"]

[Event "Titled Tuesday Blitz July 11 Late 2023"]
[White "Da Matta, Eduardo Cesar"]
[Black "Zhang, Derek"]
[WhiteFideId "2193108"]
[BlackFideId "2087871"]
[WhiteElo "2325"]
[BlackElo "2510"]
[Result "0-1"]
[Round "7"]
[TimeControl "180+2"]
[Date "2023.07.11"]
[WhiteClock "0:00:17"]
[BlackClock "0:00:40"]
[Board "87"]

1. d4 d6 2. Nf3 f5 3. g3 Nf6 4. Bg2 g6 5. O-O Bg7 6. c4 O-O 7. b3 c6 8. Bb2 Qc7 9. Nbd2 Re8 10. Qc2 Na6 11. e4 Nb4 12. Qb1 fxe4 13. Nxe4 Nxe4 14. Qxe4 Bf5 15. Qh4 Bf6 16. Qf4 Nd3 17. Qd2 Nxb2 18. Qxb2 e5 19. dxe5 dxe5 20. Rfe1 Bg7 21. Rad1 e4 22. Nd4 Rad8 23. Rd2 Qb6 24. c5 Qxc5 25. Red1 Qb6 26. b4 Kh8 27. a4 a5 28. Nxc6 Bxb2 29. Rxd8 Qxc6 0-1


[Site "https://www.chess.com"]

[Event "Titled Tuesday Blitz July 11 Late 2023"]
[White "Gasparyan, David"]
[Black "OllieAr"]
[WhiteFideId "13311980"]
[WhiteElo "2503"]
[BlackElo "2318"]
[Result "0-1"]
[Round "7"]
[TimeControl "180+2"]
[Date "2023.07.11"]
[WhiteClock "0:00:05"]
[BlackClock "0:00:02"]
[Board "88"]

1. Nf3 Nf6 2. d4 d5 3. Bd2 c5 4. e3 Nc6 5. Bb5 Bg4 6. h3 Bh5 7. g4 Bg6 8. Ne5 Qb6 9. Na3 cxd4 10. exd4 Qxd4 11. Qe2 Qb6 12. c4 e6 13. cxd5 Nxd5 14. Rc1 Bxa3 15. Nxc6 O-O 16. bxa3 bxc6 17. Rxc6 Qb7 18. O-O Rab8 19. a4 Nc7 20. Bf4 Nxb5 21. axb5 Qxb5 22. Qxb5 Rxb5 23. Ra6 Rb7 24. Be3 Bd3 25. Ra5 Bxf1 26. Kxf1 Rc8 27. Kg2 h6 28. h4 Rc2 29. g5 hxg5 30. hxg5 Rcb2 31. Bxa7 R2b5 32. Ra4 Rxg5+ 33. Kf3 Rf5+ 34. Kg2 Rd5 35. Be3 Rbb5 36. Ra8+ Kh7 37. a4 Rb3 38. a5 Ra3 39. Bb6 Rb5 40. Rf8 Kg6 41. Rd8 Rbxa5 42. Bxa5 Rxa5 43. Rd4 Rg5+ 44. Kf3 Rf5+ 45. Kg3 Kf6 46. Ra4 g5 47. Ra7 Kg6 48. Rb7 Rd5 49. Ra7 f5 50. Ra6 Rd3+ 51. Kg2 Kf6 52. Ra5 g4 53. Ra6 Rc3 54. Ra5 e5 55. Ra6+ Kg5 56. Re6 Kf4 57. Ra6 e4 58. Ra4 Rc2 59. Rb4 g3 60. Kg1 Rxf2 61. Ra4 Kf3 62. Kh1 e3 63. Ra1 f4 64. Kg1 Rd2 65. Ra3 Rd1# 0-1


[Site "https://www.chess.com"]

[Event "Titled Tuesday Blitz July 11 Late 2023"]
[White "Peycheva, Gergana"]
[Black "Harish, Neeraj"]
[WhiteFideId "2916711"]
[BlackFideId "30958130"]
[WhiteElo "2503"]
[BlackElo "2307"]
[Result "1/2-1/2"]
[Round "7"]
[TimeControl "180+2"]
[Date "2023.07.11"]
[WhiteClock "0:00:07"]
[BlackClock "0:00:09"]
[Board "89"]

1. d4 Nf6 2. c4 g6 3. Nc3 d5 4. cxd5 Nxd5 5. e4 Nxc3 6. bxc3 Bg7 7. Nf3 c5 8. Be3 O-O 9. Rc1 Qa5 10. Qd2 Nc6 11. d5 Ne5 12. Nxe5 Bxe5 13. Be2 Rd8 14. h4 e6 15. h5 exd5 16. exd5 Be6 17. hxg6 hxg6 18. Bf3 c4 19. Bd4 Rxd5 20. Bxd5 Qxd5 21. Bxe5 Qxe5+ 22. Kf1 Bf5 23. Re1 Qf6 24. Qh6 Bd3+ 25. Kg1 Qg7 26. Re7 Qxh6 27. Rxh6 b5 28. Rb7 Kg7 29. Rh4 a6 30. Rd4 g5 31. Rd6 Re8 32. Rxa6 Re1+ 33. Kh2 Rc1 34. Ra3 Rb1 35. Raa7 Bg6 36. Ra5 Rc1 37. Raxb5 Rxc3 38. a4 Ra3 39. a5 c3 40. Rc7 c2 41. Rbc5 g4 42. Rg5 Ra1 43. Rgc5 Kf6 44. Kg3 Ra4 45. R7c6+ Kg7 46. Rxc2 Bxc2 47. Rxc2 Rxa5 48. Rc4 Ra3+ 49. Kxg4 Ra2 50. f3 Kg6 51. Kf4 f6 52. Rc6 Ra3 53. Kg3 Ra4 54. Rb6 Rc4 55. f4 Ra4 56. Kg4 Rc4 57. g3 Ra4 58. Rc6 Rb4 59. Rc8 Ra4 60. Rg8+ Kf7 61. Rh8 Kg7 62. Rb8 Kg6 63. Kf3 Rc4 64. Rb5 Ra4 65. Kg4 Rc4 66. Kh3 Ra4 67. Rc5 Rb4 68. Rc6 Ra4 69. Kh4 Rb4 70. Ra6 Rc4 71. Ra5 Rb4 72. Kh3 Rc4 73. Ra8 Rb4 74. Rg8+ Kf7 75. Rg4 Ra4 76. Rh4 Rb4 77. f5 Rb5 78. Rh7+ Kg8 79. Rh5 Kg7 80. g4 Rb3+ 81. Kh4 Rb4 82. Kg3 Rc4 83. Rh2 Rb4 84. Kh4 Ra4 85. Rc2 Rb4 86. Rc7+ Kh6 87. Rc6 Kg7 88. Kh5 Ra4 89. Rc7+ Kf8 90. Rb7 Rc4 91. Kg6 Rxg4+ 92. Kxf6 Kg8 93. Rb8+ Kh7 94. Kf7 Ra4 95. Rb7 Ra8 96. f6 Kh6 97. Rb1 Ra7+ 98. Kf8 Ra8+ 99. Ke7 Ra7+ 100. Kd8 Ra8+ 101. Kd7 Ra7+ 102. Kd8 Ra8+ 103. Kc7 Ra7+ 104. Kb8 Rf7 105. Rh1+ Kg6 106. Rg1+ Kxf6 107. Rf1+ Ke7 108. Rxf7+ Kxf7 1/2-1/2


[Site "https://www.chess.com"]

[Event "Titled Tuesday Blitz July 11 Late 2023"]
[White "Kiselev, Pavel"]
[Black "Sebag, Marie"]
[WhiteFideId "4191102"]
[BlackFideId "617822"]
[WhiteElo "2290"]
[BlackElo "2501"]
[Result "1-0"]
[Round "7"]
[TimeControl "180+2"]
[Date "2023.07.11"]
[WhiteClock "0:00:09"]
[BlackClock "0:00:00"]
[Board "90"]

1. Nf3 d5 2. c4 c6 3. d4 Nf6 4. e3 Bg4 5. b3 e6 6. Be2 Nbd7 7. O-O Bd6 8. Nc3 O-O 9. Bb2 Qe7 10. Nd2 Bxe2 11. Qxe2 e5 12. cxd5 exd4 13. Nd1 dxe3 14. dxc6 exd2 15. Qxe7 Bxe7 16. cxd7 Rfd8 17. Ne3 Rxd7 18. Rfd1 Rad8 19. Nc4 b5 20. Ne5 Rc7 21. Nf3 Rc2 22. Rab1 Ne4 23. Bd4 Ba3 24. Kf1 Rxa2 25. Ke2 Rxd4 26. Nxd4 Nc3+ 27. Kd3 Nxb1 28. Rxb1 Bc1 29. Ke2 a6 30. b4 f6 31. Kd1 Kf7 32. Nb3 g5 33. g3 h5 34. Ra1 Rxa1 35. Nxa1 Kg6 36. Nb3 Ba3 37. Kxd2 Bxb4+ 38. Kd3 a5 39. Nd4 Bc5 40. Nxb5 Bxf2 41. Ke2 Bg1 42. Kf1 Bc5 43. Ke2 a4 44. Kf3 a3 45. Nc3 Kf5 46. h3 g4+ 47. hxg4+ hxg4+ 48. Ke2 Bd4 49. Nb5 Ke4 50. Nxa3 Be5 51. Kf2 1-0


[Site "https://www.chess.com"]